 Dungeon Crawl Stone Soup version 0.31.0-11-ge490571c62 (webtiles) character file.

Game seed: 18048875709011943648

158 qw the Skirmisher (level 5, -3/29 HPs)
             Began as a Deep Elf Hunter on Feb 3, 2024.
             Incinerated by a bombardier beetle (5 damage)
             ... with a burning spray
             ... on level 3 of the Dungeon.
             The game lasted 00:00:07 (2338 turns).

qw the Skirmisher (Deep Elf Hunter)                 Turns: 2338, Time: 00:00:07

Health: -3/29      AC:  5    Str: 14    XL:     5   Next: 16%
Magic:  7/7        EV: 11    Int: 13    God:
Gold:   37         SH:  0    Dex: 17    Spells: 4/4 levels left

rFire   . . .        a - +1 shortbow
rCold   . . .        (shield currently unavailable)
rNeg    . . .        d - +0 ring mail
rPois   .            (no helmet)
rElec   .            (no cloak)
rCorr   .            (no gloves)
SInv    .            (no boots)
Will    .....        (no amulet)
Stlth   +            (no ring)
HPRegen 0.24/turn    (no ring)
MPRegen 0.10/turn

%: no passive effects
@: on fire, glowing
A: strong 1
a: no special abilities


You were on level 3 of the Dungeon.
You visited 1 branch of the dungeon, and saw 3 of its levels.

You collected 37 gold pieces.


Innate Abilities, Weirdness & Mutations

Your muscles are strong. (Str +4, Int/Dex -1)


   Skills:
 - Level 1.5 Fighting
 + Level 8.6 Ranged Weapons
 - Level 2.4 Dodging
 - Level 1.2 Stealth


You had 4 spell levels left.
You didn't know any spells.
Your spell library was empty.

Inventory:

Hand Weapons
 a - a +1 shortbow (weapon)
Armour
 d - a +0 ring mail (worn)
Wands
 h - a wand of flame (11)
Scrolls
 c - a scroll of identify
Potions
 b - a potion of cancellation
 l - a potion of heal wounds {unknown}
 m - a potion of might {unknown}

Dungeon Overview and Level Annotations

Branches:
Dungeon (3/15)

Altars:

Annotations:
D:2 1 runed translucent door, Crazy Yiuf


Message History

You kill the ball python!
You shoot an arrow. The arrow hits the hobgoblin.
The hobgoblin is almost dead.
You shoot an arrow. The arrow hits the hobgoblin!
You kill the hobgoblin!
You see here a ball python corpse.
You see here a hobgoblin corpse.
A bombardier beetle comes into view.
You shoot an arrow.
The arrow barely misses the bombardier beetle.
You shoot an arrow. The arrow hits the bombardier beetle!
The bombardier beetle is heavily wounded.
You shoot an arrow.
The arrow hits the bombardier beetle but does no damage.
The bombardier beetle is heavily wounded.
You shoot an arrow. The arrow hits the bombardier beetle.
The bombardier beetle is severely wounded.
The bombardier beetle sprays incendiary fluid at you.
The burning spray hits you.
You are covered in liquid fire!
You shoot an arrow.
The arrow barely misses the bombardier beetle.
The liquid fire burns you!
You shoot an arrow. The arrow hits the bombardier beetle!
You kill the bombardier beetle!
The liquid fire burns you!
You have reached level 5!
You are on fire!
The liquid fire burns you!
You are on fire!
The liquid fire burns you!
You are on fire!
The liquid fire burns you!
You are on fire!
The liquid fire burns you!
You are on fire!
The liquid fire burns you!
You are on fire!
The liquid fire burns you!
You die...

...###.#.#)#.##
#####.#.###.#.##
##.#.## ##.#%##
##.#.## ##.#.##
##.#.## ##.#.##
#.#.## ##.#.##
.#.## ##.#.#
#.## #.#.## .##
#.#@## ## #.#.##
# #.#.# #.#.#
.#%# #.# #.# .#


There were no monsters in sight!

Vanquished Creatures
  A bombardier beetle (D:3)
  6 adders
  3 dart slugs
  8 endoplasms
  5 goblins
  11 hobgoblins
  4 quokkas
  4 ball pythons
  6 bats
  A frilled lizard (D:1)
  7 kobolds
  3 rats
59 creatures vanquished.

Notes
Turn   | Place    | Note
-------+----------+-------------------------------------------
     0 | D:1      | qw the Deep Elf Hunter began the quest for the Orb.
     0 | D:1      | Reached XP level 1. HP: 12/12 MP: 3/3
     0 | D:1      | 0 ||| qw: Version: 0.3-a-158-g18b3111
     0 | D:1      | 0 ||| qw: Game counter: 4109
     0 | D:1      | 0 ||| qw: Melee chars always use a shield: true
     0 | D:1      | 0 ||| qw: God list: Okawaru
     0 | D:1      | 0 ||| qw: Allow faded altars: false
     0 | D:1      | 0 ||| qw: Do Orc after clearing Dungeon:15 true
     0 | D:1      | 0 ||| qw: Do second Lair branch before Depths: true
     0 | D:1      | 0 ||| qw: Lair rune preference: random
     0 | D:1      | 0 ||| qw: Goals: Normal
     0 | D:1      | 0 ||| PLANNING D:1-11
   110 | D:1      | Reached skill level 6 in Ranged Weapons
   110 | D:1      | Reached XP level 2. HP: 14/16 MP: 4/4
   157 | D:1      | Found a faded altar of an unknown god.
   992 | D:1      | 992 ||| UPGRADING to +0 ring mail.
  1002 | D:1      | 1002 ||| DROPPING +0 leather armour.
  1003 | D:1      | 1003 ||| READING scroll labelled DOTADOOSKU.
  1104 | D:1      | 1104 ||| READING scroll labelled RIQOAX PIOMMA.
  1108 | D:1      | 1108 ||| READING scroll labelled PALANO KUTH.
  1109 | D:1      | 1109 ||| READING scroll labelled UNIPOVE KODDO.
  1110 | D:1      | 1110 ||| READING scroll labelled DACWEAFFIT.
  1211 | D:1      | 1211 ||| DRINKING 2 fuming red potions.
  1212 | D:1      | 1212 ||| DROPPING scroll of butterflies.
  1213 | D:1      | 1213 ||| DROPPING potion of brilliance.
  1253 | D:2      | Reached XP level 3. HP: 20/20 MP: 5/5
  1313 | D:2      | Reached skill level 7 in Ranged Weapons
  1468 | D:2      | Found a runed translucent door.
  1469 | D:2      | Noticed Crazy Yiuf
  1512 | D:2      | Reached XP level 4. HP: 25/25 MP: 6/6
  2007 | D:2      | 2007 ||| READING scroll labelled YHIERESEWN.
  2007 | D:2      | 2007 ||| ENCHANTING +0 shortbow.
  2008 | D:2      | 2008 ||| READING scroll labelled DACKIO IFRAP.
  2008 | D:2      | 2008 ||| IDENTIFYING fizzy white potion
  2009 | D:2      | 2009 ||| DRINKING 2 grey potions.
  2010 | D:2      | 2010 ||| DRINKING coppery potion.
  2011 | D:2      | 2011 ||| DRINKING pink potion.
  2012 | D:2      | 2012 ||| DRINKING viscous yellow potion.
  2012 | D:2      | Gained mutation: Your muscles are strong. (Str +4, Int/Dex
                  | -1) [potion of mutation]
  2013 | D:2      | 2013 ||| DRINKING puce potion.
  2014 | D:2      | 2014 ||| DROPPING potion of ambrosia.
  2081 | D:3      | 2081 ||| STAIRDANCE
  2089 | D:3      | HP: 6/25 [hobgoblin (3)]
  2090 | D:3      | 2090 ||| READING scroll of teleportation.
  2091 | D:3      | HP: 1/25 [hobgoblin (3)]
  2187 | D:3      | Reached skill level 8 in Ranged Weapons
  2333 | D:3      | Reached XP level 5. HP: 18/29 MP: 7/7
  2336 | D:3      | HP: 6/29 [burnt (3)]
  2337 | D:3      | HP: 1/29 [burnt (5)]
  2338 | D:3      | Incinerated by a bombardier beetle

Levels and vault maps discovered:
D:1:      ldierk_walled_garden, layout_basic,
          ebering_ecumenical_altar_abandoned, serial_bayou_crossing
D:2:      layout_loops_ring, minmay_bisected, uniq_crazy_yiuf_cottage
D:3:      minmay_inner_zag, layout_basic

Skill      XL: |  1  2  3  4 |
---------------+-------------+-----
Ranged Weapons | 6 7 8 |  8.6
Fighting       | |  1.5
Dodging        | |  2.4
Stealth        | |  1.2

Action                     |  1- 3 |  4- 6 || total
---------------------------+-------+-------++-------
   Fire: Shortbow          |    81 |    62 ||   143
    Use: Scroll            |     5 |     3 ||     8
         Potion            |     1 |     5 ||     6
 Armour: Leather armour    |     9 |       ||     9
         Ring mail         |     1 |    15 ||    16
  Dodge: Dodged            |     9 |    13 ||    22

Table legend:
 A = Non-vault XP
 B = Vault XP
 C = Vault XP percentage of total XP
 D = Non-vault monster count
 E = Vault monster count
 F = Vault count percentage of total count
                 A         B        C        D         E       F
            +---------+---------+-------+---------+---------+-------
      Total |     151 |      75 |  33.2 |      53 |       6 |  10.2
            +---------+---------+-------+---------+---------+-------
        D:1 |      39 |       0 |   0.0 |      24 |       0 |   0.0
        D:2 |      73 |      17 |  18.9 |      20 |       3 |  13.0
        D:3 |      39 |      58 |  59.8 |       9 |       3 |  25.0
            +---------+---------+-------+---------+---------+-------
